 Dungeon Crawl Stone Soup version 0.29-a0-717-g6dac4ea423 (webtiles) character file.

Game seed: 7029087061102855376

3096 Armakuni the Grappler (level 9, -9/80 HPs)
             Began as a Troll Hedge Wizard on June 26, 2022.
             Was a Believer of Elyvilon.
             Mangled by a vampire (11 damage)
             ... on level 7 of the Dungeon.
             The game lasted 00:18:50 (6222 turns).

Armakuni the Grappler (Troll Hedge Wizard)          Turns: 6222, Time: 00:18:50

Health: -9/80      AC:  6    Str: 20    XL:     9   Next: 59%
Magic:  7/20       EV: 13    Int: 14    God:    Elyvilon [**....]
Gold:   142        SH:  0    Dex:  9    Spells: 5/12 levels left

rFire   . . .      SeeInvis .     - Unarmed
rCold   + + .      Faith    .   (no shield)
rNeg    . . .      Spirit   .   y - +0 robe
rPois   +          Reflect  .   c - +0 hat
rElec   .          Harm     .   z - +1 cloak {rPois}
rCorr   .          Rampage  .   (gloves unavailable)
Will    .....                   (boots unavailable)
Stlth   +.........              A - amulet of the acrobat
HPRegen 1.03/turn               J - ring of Creativity {rC++ EV+4}
MPRegen 0.17/turn               P - ring of magical power

@: no status effects
A: large, unfitting armour, claws 3, regeneration 1, shaggy fur 1, tough skin 1
a: Renounce Religion, Purification, Heal Other


You were on level 7 of the Dungeon.
You worshipped Elyvilon.
Elyvilon was pleased with you.
You visited 2 branches of the dungeon, and saw 8 of its levels.

You collected 308 gold pieces.
You spent 166 gold pieces at shops.

Inventory:

Missiles
 n - 11 poisoned darts
 u - a boomerang (quivered)
Armour
 c - a +0 hat (worn)
 y - a +0 robe (worn)
 z - a +1 cloak of poison resistance (worn)
Jewellery
 A - an amulet of the acrobat (around neck)
 J - the ring of Creativity (left claw) {rC++ EV+4}
   (You acquired it on level 5 of the Dungeon)

   [ring of evasion]

   EV:        It affects your evasion (+4).
   rC:        It greatly protects you from cold.
 P - a ring of magical power (right claw)
 U - an amulet of faith
 W - a ring of wizardry
Wands
 d - a wand of quicksilver (7)
 m - a wand of polymorph (5)
 p - a wand of paralysis (5)
Scrolls
 e - 5 scrolls of teleportation
 i - 3 scrolls of fear
 j - a scroll of magic mapping
 r - a scroll of amnesia
 s - a scroll of blinking
 v - a scroll of poison
 B - a scroll of enchant weapon {unknown}
Potions
 a - 3 potions of mutation {unknown}
 b - 3 potions of magic
 f - a potion of curing
 g - a potion of ambrosia
 h - a potion of cancellation {unknown}
 k - 2 potions of berserk rage {unknown}
 l - 3 potions of lignification {unknown}
 o - 4 potions of heal wounds {unknown}
 q - a potion of resistance {unknown}
 t - 2 potions of attraction {unknown}
 w - a potion of flight {unknown}
 x - 2 potions of brilliance {unknown}
 C - a potion of degeneration {unknown}


   Skills:
 - Level 2.3 Fighting
 - Level 6.0 Throwing
 - Level 1.5 Dodging
 - Level 1.0 Stealth
 - Level 10.0 Unarmed Combat
 - Level 2.0 Spellcasting
 - Level 0.6 Conjurations
 - Level 0.6 Summonings
 - Level 0.6 Translocations
 + Level 3.6 Invocations
 + Level 1.9 Evocations


You had 5 spell levels left.
You knew the following spells:

 Your Spells              Type           Power      Damage    Failure   Level
a - Apportation           Tloc           6%         N/A       19%         1
b - Blink                 Tloc           6%         N/A       28%         2
n - Ice Form              Ice/Tmut       1%         N/A       93%         4

Your spell library contained the following spells:

 Spells                   Type           Power      Damage    Failure   Level
 Magic Dart               Conj           12%        1d3       19%         1
 Slow                     Hex            4%         N/A       24%         1
 Call Imp                 Summ           3%         N/A       28%         2
 Ensorcelled Hibernation  Hex/Ice        2%         N/A       34%         2
 Passwall                 Tmut/Erth      0%         N/A       34%         2
 Conjure Flame            Conj/Fire      2%         6-21      54%         3
 Mephitic Cloud           Conj/Pois/Air  1%         N/A       54%         3
 Confusing Touch          Hex            1%         N/A       56%         3
 Frozen Ramparts          Ice            2%         1d2       56%         3
 Swiftness                Air            1%         N/A       56%         3
 Summon Ice Beast         Ice/Summ       2%         N/A       91%         4
 Alistair's Intoxication  Tmut/Pois      0%         N/A       100%        5
 Yara's Violent Unravell  Hex/Tmut       0%         3d3       100%        5
 Enfeeble                 Hex            0%         N/A       100%        7


Dungeon Overview and Level Annotations

Branches:
Dungeon (7/15)             Temple (1/1) D:5

Altars:
Ashenzari
Cheibriados
Dithmenos
Elyvilon
Fedhas
Gozag
Hepliaklqana
Kikubaaqudgha
Makhleb
Okawaru
Qazlal
Ru
Sif Muna
Trog
Vehumet
Wu Jian
Xom
Yredelemnul
Zin

Shops:
D:3 *   D:7 :*


Innate Abilities, Weirdness & Mutations

You are too large for most types of armour.
You have claws for hands.
Your natural rate of healing is unusually fast.
You are covered in fur. (AC +1)
You have tough skin. (AC +1)


Message History

You barely miss something. Something hits you but does no damage.
Something bites you!
Something draws strength from your injuries!
Aiming: Quicksilver Bolt
Press: ? - help, Shift-Dir - straight line You hear some strange, mumbled words.
You are confused.
You feel purified! Something hits you but does no damage. Something bites you!
Something draws strength from your injuries!
Okay, then.
Aiming: Quicksilver Bolt
Press: ? - help, Shift-Dir - straight line Something hits you.
Something bites you.
* * * LOW HITPOINT WARNING * * *
Something draws strength from your injuries!
You scratch something. Something hits you but does no damage.
Something bites you.
* * * LOW HITPOINT WARNING * * *
Something draws strength from your injuries!
You scratch something. You scratch something. Something hits you.
* * * LOW HITPOINT WARNING * * *
Something bites you!
* * * LOW HITPOINT WARNING * * *
Something draws strength from your injuries!
Okay, then.
You feel better.
You hear some strange, mumbled words.
You are confused.
You feel purified! Something hits you.
* * * LOW HITPOINT WARNING * * *
Something bites you.
* * * LOW HITPOINT WARNING * * *
Something draws strength from your injuries!
You closely miss something. Your claw misses something.
Something hits you but does no damage. Something bites you but does no damage.
You claw something! Something hits you.
* * * LOW HITPOINT WARNING * * *
Something bites you!
You die...

.........##...######
######..##...#
#..##...# .
#..##...### ..
######...รท.....#
...###...........##.#
.......####..######.#
.............# #.#
.......@{##..# #.#
.........##..# #.#
.........##..# #.#
.............# #.#
.........##### #.#
.........# ###.#
.........# #...#
.........# #.###
#.#.#### #####.#


There were no monsters in sight!

Vanquished Creatures
  Pikel (D:7)
  Joseph (D:7)
  Menkaure (D:4)
  Duvessa (D:7)
  An ice beast (D:7)
  2 orc warriors
  3 black bears
  An ogre (D:6)
  A phantom (D:5)
  2 lemures (D:7)
  A kobold brigand (D:6)
  Blork the orc (D:5)
  3 necrophages
  5 wights (D:7)
  Dowan (D:7)
  Crazy Yiuf (D:6)
  3 hounds
  2 jellies
  5 orc priests (D:5)
  3 iguanas
  6 orc wizards
  4 gnolls
  11 adders
  4 worms
  2 dart slugs (D:1)
  16 orcs
  8 endoplasms
  A giant cockroach (D:1)
  9 goblins
  4 hobgoblins
  6 jackals
  5 quokkas
  6 ball pythons
  4 bats
  4 frilled lizards
  13 kobolds
  3 rats
145 creatures vanquished.

Notes
Turn   | Place    | Note
-------+----------+-------------------------------------------
     0 | D:1      | Armakuni the Troll Hedge Wizard began the quest for the
                  | Orb.
     0 | D:1      | Reached XP level 1. HP: 16/16 MP: 2/2
   145 | D:1      | Reached skill level 1 in Unarmed Combat
   162 | D:1      | Reached XP level 2. HP: 20/26 MP: 4/4
   166 | D:1      | Reached skill level 1 in Fighting
   417 | D:1      | Found a faded altar of an unknown god.
   560 | D:1      | Reached XP level 3. HP: 33/33 MP: 5/5
   724 | D:2      | Reached skill level 2 in Unarmed Combat
   733 | D:2      | Learned a level 1 spell: Apportation
   736 | D:2      | Learned a level 2 spell: Blink
   855 | D:1      | Reached XP level 4. HP: 21/42 MP: 6/6
   968 | D:2      | Reached skill level 3 in Unarmed Combat
  1632 | D:3      | Reached XP level 5. HP: 16/49 MP: 7/7
  1834 | D:3      | Reached skill level 4 in Unarmed Combat
  2067 | D:3      | Found Amaosas's General Store.
  2129 | D:3      | Bought a scroll of blinking for 97 gold pieces
  2370 | D:4      | Found a shimmering altar of Xom.
  2371 | D:4      | Found a white marble altar of Elyvilon.
  2385 | D:4      | Became a worshipper of Elyvilon the Healer
  2559 | D:4      | Noticed Menkaure
  2567 | D:4      | Killed Menkaure
  2568 | D:4      | Reached skill level 1 in Throwing
  2568 | D:4      | Reached skill level 5 in Unarmed Combat
  2568 | D:4      | Reached XP level 6. HP: 57/57 MP: 8/8
  2753 | D:4      | Reached * piety under Elyvilon
  3055 | D:5      | Entered Level 5 of the Dungeon
  3063 | D:5      | Found a staircase to the Ecumenical Temple.
  3072 | Temple   | Entered the Ecumenical Temple
  3352 | D:5      | Identified a scroll of acquirement
  3353 | D:5      | Acquired the ring of Creativity {rC++ EV+4}
  3450 | D:5      | Reached XP level 7. HP: 59/65 MP: 9/9
  3687 | D:5      | Learned a level 4 spell: Ice Form
  3718 | D:5      | Noticed Blork the orc
  3721 | D:5      | Reached skill level 6 in Unarmed Combat
  3730 | D:5      | Killed Blork the orc
  4274 | D:5      | Reached ** piety under Elyvilon
  4454 | D:5      | Reached skill level 7 in Unarmed Combat
  4454 | D:5      | Reached XP level 8. HP: 70/72 MP: 10/10
  4676 | D:6      | Reached skill level 5 in Throwing
  4865 | D:6      | Reached *** piety under Elyvilon
  4986 | D:6      | Reached skill level 8 in Unarmed Combat
  5195 | D:6      | Found a runed translucent door.
  5196 | D:6      | Noticed Crazy Yiuf
  5382 | D:6      | Killed Crazy Yiuf
  5440 | D:7      | Noticed Pikel
  5462 | D:7      | Killed Pikel
  5463 | D:7      | Reached skill level 9 in Unarmed Combat
  5463 | D:7      | Reached XP level 9. HP: 65/79 MP: 11/11
  5536 | D:7      | Found Rojy's Book Boutique.
  5562 | D:7      | Reached skill level 1 in Invocations
  5634 | D:7      | Noticed Joseph
  5644 | D:7      | Killed Joseph
  5701 | D:7      | Found Vopruc's Assorted Antiques.
  5707 | D:7      | Bought a scroll labelled MAUMOU FURRYF for 24 gold pieces
  5707 | D:7      | Bought a scroll labelled OKOMOSTIED for 24 gold pieces
  5707 | D:7      | Bought a fuming blue potion for 21 gold pieces
  5801 | D:7      | Noticed Dowan
  5803 | D:7      | Noticed Duvessa
  5822 | D:7      | Killed Duvessa
  5823 | D:7      | Killed Dowan
  5824 | D:7      | Reached skill level 10 in Unarmed Combat
  5824 | D:7      | Reached skill level 1 in Evocations
  6182 | D:7      | Reached **** piety under Elyvilon
  6218 | D:7      | HP: 2/80 [something (10)]
  6222 | D:7      | Mangled by a vampire

Illustrated notes

Levels and vault maps discovered:
D:1:      dreamdust_arrival_sigmund_warning, layout_loops_ring,
          chequers_ecumenical_altar_grove
D:2:      layout_loops_ring, nicolae_figureground_pulse
D:3:      layout_loops_ring, serial_shops, nicolae_shop_window_shopping
D:4:      layout_basic, gammafunk_temple_overflow_pools, uniq_menkaure
D:5:      layout_layer_cave, minmay_temple_entry_junction_2,
          cheibrodos_sewer_entry_drain, uniq_blork_the_orc
D:6:      layout_basic, minmay_liquid_box, roderic_lattice_a,
          hangedman_decor_points, minmay_misc_feat_tower,
          grunt_decor_one_mirror, uniq_crazy_yiuf_cottage
D:7:      layout_loops_ring, serial_shops,
          nicolae_shop_competitors_out_of_business, nicolae_shop_statue_plus,
          shop, nicolae_shop_statue_plus, uniq_duvessa, uniq_joseph, uniq_pikel
Temple:   minmay_crystal_spiral_temple

Skill      XL: |  1  2  3  4  5  6  7  8  9 |
---------------+----------------------------+-----
Unarmed Combat | 1 2 3 5 7 9 10 | 10.0
Fighting       | 1 2 |  2.3
Throwing       | 1 3 4 6 |  6.0
Invocations    | 3 |  3.6
Evocations     | 1 |  1.9
Dodging        | |  1.5
Stealth        | |  1.0
Spellcasting   | |  2.0
Conjurations   | |  0.6
Summonings     | |  0.6
Translocations | |  0.6

Action                   |  1- 3 |  4- 6 |  7- 9 || total
-------------------------+-------+-------+-------++-------
Melee: Unarmed           |   118 |   162 |   260 ||   540
       Punch             |     2 |     1 |    10 ||    13
Throw: Dart              |       |     4 |       ||     4
       Boomerang         |       |       |    11 ||    11
 Cast: Magic Dart        |       |     6 |       ||     6
Invok: Purification      |       |       |     5 ||     5
       Heal Self         |       |       |     5 ||     5
Evoke: Wand              |       |     1 |    22 ||    23
  Use: Scroll            |     5 |     5 |     5 ||    15
       Potion            |       |       |     3 ||     3
 Stab: Sleeping          |     3 |       |     2 ||     5
       Paralysed         |       |     5 |    12 ||    17
Armor: Robe              |    47 |    39 |    46 ||   132
Dodge: Dodged            |    52 |    69 |   137 ||   258

Table legend: (Time is in decaauts)
 A = Elapsed time spent in this place.
 B = Non-inter-level travel time spent in this place.
 C = Inter-level travel time spent in this place.
 D = Time resting spent in this place.
 E = Time spent auto-exploring this place.
 F = Levels seen in this place.
 G = Mean time per level.
                   A        B        C        D        E       F      G
               +--------+--------+--------+--------+--------+-----+--------+
         Total |   6172 |   5773 |    399 |    360 |   3900 |   8 |  771.5 |
       Dungeon |   5960 |   5644 |    316 |    360 |   3788 |   7 |  851.4 |
        Temple |    211 |    128 |     83 |      0 |    112 |   1 |  211.0 |
               +--------+--------+--------+--------+--------+-----+--------+

Top non-repeatable levels by time:
     D:5: 1169 daAuts
     D:6: 978 daAuts
     D:4: 834 daAuts
     D:7: 772 daAuts
     D:1: 760 daAuts
     D:2: 751 daAuts
     D:3: 694 daAuts
  Temple: 211 daAuts
